 Dungeon Crawl Stone Soup version 0.31-a0-557-g6e16503903 (webtiles) character file.

Game seed: 6751522111172745296

262 IdlyInterested the Poker (level 5, -1/41 HPs)
             Began as a Demonspawn Fighter on Aug 16, 2023.
             Killed by divine providence
             ... invoked by an orc priest
              (14 damage)
             ... on level 4 of the Dungeon.
             The game lasted 00:09:56 (2402 turns).

IdlyInterested the Poker (Demonspawn Fighter)       Turns: 2402, Time: 00:09:57

Health: -1/41      AC: 11    Str: 21    XL:     5   Next: 97%
Magic:  5/5        EV: 10    Int: 11    God:
Gold:   109        SH:  8    Dex: 13    Spells: 4/4 levels left

rFire   . . .        e - +9 trident "Glorpo" {flame, Fly Str+3 Int+2}
rCold   . . .        c - +0 buckler
rNeg    . . .        j - +0 chain mail
rPois   .            p - +0 helmet
rElec   .            (no cloak)
rCorr   .            (no gloves)
SInv    .            h - +0 pair of boots
Will    .....        (no amulet) Stlth
                     (no ring)
HPRegen 0.26/turn    (no ring)
MPRegen 0.09/turn

%: no passive effects
@: flying, hasted, very quick
A: repulsion field 1, condensation shield
a: no special abilities


You were on level 4 of the Dungeon.
You visited 1 branch of the dungeon, and saw 4 of its levels.

You collected 224 gold pieces.
You spent 115 gold pieces at shops.

Inventory:

Hand Weapons
 a - a +0 flail
 e - the +9 trident "Glorpo" (weapon) {flame, Fly Str+3 Int+2}
   (You found it on level 2 of the Dungeon)

   Str+3:     It affects your strength (+3).
   Int+2:     It affects your intelligence (+2).
   Fly:       It grants you flight.
 q - a +1 dagger of speed
 s - a +2 heavy great sword
Missiles
 g - 20 stones (quivered)
 z - a throwing net
Armour
 c - a +0 buckler (worn)
 h - a +0 pair of boots (worn)
 j - a +0 chain mail (worn)
 p - a +0 helmet (worn)
 r - a +0 helmet
Magical Staves
 l - a staff of conjuration
Jewellery
 o - a ring of wizardry
Scrolls
 f - a scroll of vulnerability
 k - 2 scrolls of enchant weapon
 m - 2 scrolls of fog
 t - a scroll of revelation
 u - a scroll of poison {unknown}
 y - a scroll of immolation {unknown}
 A - a scroll of amnesia {unknown}
Potions
 b - a potion of haste
 d - a potion of might
 i - a potion of resistance
 n - 5 potions of curing
 v - a potion of heal wounds {unknown}
 w - a potion of ambrosia {unknown}
 x - a potion of invisibility {unknown}


   Skills:
 - Level 3.0 Fighting
 - Level 1.7 Maces & Flails
 + Level 4.1 Polearms
 - Level 1.0 Throwing
 - Level 3.0 Armour
 - Level 1.0 Dodging
 - Level 1.0 Stealth
 - Level 2.6 Shields
 + Level 0.0 Spellcasting
 - Level 1.0 Invocations
 - Level 1.0 Evocations
 - Level 1.0 Shapeshifting


You had 4 spell levels left.
You didn't know any spells.
Your spell library contained the following spells:

 Spells                   Type           Power      Damage    Failure   Level
 Slow                     Hex            0%         N/A       97%         1
 Confusing Touch          Hex            0%         N/A       100%        3
 Vampiric Draining        Necr           0%         2d6       100%        3


Dungeon Overview and Level Annotations

Branches:
Dungeon (4/15)
 Temple: D:4-7

Altars:
Fedhas
Xom

Shops:
D:1 (=(**

Annotations:
D:4 Sigmund


Innate Abilities, Weirdness & Mutations

You are surrounded by a mild repulsion field. (EV +2)
A meltable shield of frost defends you. (SH +4)


Message History

The orc priest is heavily wounded.
You block the hound's attack. x2; You block the orc's attack.
The orc priest closely misses you. You block the hound's attack.
The hound closely misses you.
You completely miss the orc priest.
The orc priest is heavily wounded.
The hound bites you. The hound closely misses you. You block the orc's attack.
You block the orc priest's attack.
The hound bites you but does no damage. x2
You hit the orc priest. You burn the orc priest.
The orc priest is almost dead.
The orc closely misses you.
The orc priest hits you but does no damage.
You block the hound's attack. x2
The hound attacks as you move away! You block the hound's attack.
The orc priest attacks as you move away!
You block the orc priest's attack. The hound bites you but does no damage.
The orc sings a few bars from the Orcish anthem.
You block the hound's attack. The hound bites you but does no damage.
The hound bites you but does no damage. The hound bites you.
The hound attacks as you move away! The hound bites you but does no damage.
The hound attacks as you move away! You block the hound's attack.
The orc priest miscasts a cantrip.
The orc priest looks braver for a moment.
The hound bites you.
The orc priest invokes the aid of Beogh against you.
Beogh smites you!
* * * LOW HITPOINT WARNING * * *
The orc priest looks encouraged for a moment.
You block the hound's attack. The hound barely misses you.
Sigmund gestures wildly while chanting.
Sigmund flickers and vanishes!
Deactivating autopickup; reactivate with Ctrl-A.
The hound closely misses you.
It was a potion of haste.
You feel yourself speed up. The hound closely misses you.
It was a potion of curing.
You feel better. The hound bites you but does no damage.
The orc priest mumbles some strange prayers to Beogh against you.
Beogh smites you!
You die...

.. ... ....... . ....
...... . #.... ....
.###..... #..#
#.....#.# ### #..#
#........ #.# #..##
#)..[...#
#.###o..###........
#.@hho..o...###.... .
#.###.###..## . #. .##
###.......##..# ...
#.# #.........###)#
..>. #.# #.........#
.# ...###.#
#.........# .#
.....#.#####.........#
.. #.................#
#. #..........##.#####


You could see 2 hounds, 2 orc priests and an orc.

Vanquished Creatures
  A black bear (D:4)
  An orc priest (D:3)
  A hound (D:3)
  Robin (D:2)
  2 adders (D:3)
  3 worms
  4 orcs
  9 endoplasms
  3 giant cockroaches (D:1)
  7 goblins
  11 hobgoblins
  3 jackals (D:1)
  3 kobolds
  2 quokkas
  8 ball pythons
  3 bats
  3 frilled lizards
  3 rats
68 creatures vanquished.

Notes
Turn   | Place    | Note
-------+----------+-------------------------------------------
     0 | D:1      | IdlyInterested the Demonspawn Fighter began the quest for
                  | the Orb.
     0 | D:1      | Reached XP level 1. HP: 18/18 MP: 1/1
    10 | D:1      | You fall into a shaft and drop 1 floor!
    19 | D:2      | Identified the +9 trident "Glorpo" {flame, Fly Str+3 Int+2}
    31 | D:1      | Found Vewomon's General Store.
   104 | D:1      | Gained mutation: A meltable shield of frost defends you.
                  | (SH +4) [demonic ancestry]
   104 | D:1      | Reached XP level 2. HP: 24/24 MP: 2/2
   132 | D:1      | Found Ughudeossa's Weapon Boutique.
   182 | D:1      | Found Boirivel's Jewellery Boutique.
   293 | D:1      | Reached skill level 1 in Polearms
   316 | D:1      | Reached skill level 1 in Throwing
   387 | D:1      | Found Kymn's Weapon Emporium.
   546 | D:1      | Bought a scroll labelled YBUNWIL WUQAYN for 20 gold pieces
   546 | D:1      | Bought a scroll labelled DUOPUA UZ CIYS for 20 gold pieces
   546 | D:1      | Bought a fizzy cyan potion for 18 gold pieces
   636 | D:2      | Reached XP level 3. HP: 29/29 MP: 3/3
   702 | D:2      | Noticed Robin
   714 | D:2      | Reached skill level 1 in Dodging
   724 | D:2      | Killed Robin
   727 | D:2      | Reached skill level 1 in Stealth
  1052 | D:2      | Reached skill level 2 in Polearms
  1098 | D:2      | Gained mutation: You are surrounded by a mild repulsion
                  | field. (EV +2) [demonic ancestry]
  1098 | D:2      | Reached XP level 4. HP: 35/35 MP: 4/4
  1300 | D:1      | Bought a lumpy grey potion for 18 gold pieces
  1330 | D:1      | Bought a potion of degeneration for 13 gold pieces
  1330 | D:1      | Bought a scroll of identify for 26 gold pieces
  1658 | D:3      | Reached skill level 1 in Evocations
  1737 | D:3      | Reached skill level 3 in Polearms
  1737 | D:3      | Reached XP level 5. HP: 41/41 MP: 5/5
  1759 | D:3      | Found a shimmering altar of Xom.
  1799 | D:3      | Reached skill level 1 in Shapeshifting
  1941 | D:3      | Found a blossoming altar of Fedhas.
  2379 | D:4      | Noticed a black bear
  2386 | D:4      | Killed a black bear
  2386 | D:4      | Noticed Sigmund
  2387 | D:4      | Reached skill level 4 in Polearms
  2387 | D:4      | Reached skill level 1 in Invocations
  2402 | D:4      | Killed from afar by an orc priest

Illustrated notes

Levels and vault maps discovered:
D:1:      roderic_crop_circles_arrival_small, layout_rooms, serial_shops,
          nicolae_lakefront_shop, shop, nicolae_diamond_shop,
          nicolae_shop_gaudy_bauble, nicolae_shop_overgrown_old_shop,
          nrook_uturn
D:2:      minmay_diamond_boxcup, layout_loops_cross, minmay_misc_feat_room,
          chequers_garden, uniq_robin
D:3:      layout_loops_ring, lemuel_coloured_pillars_altar,
          gammafunk_temple_overflow_elements, serial_glass, glass_columns_c,
          glass_columns_c, kennysheep_generic_room_5
D:4:      layout_rooms, mainiacjoe_overflow_six_doors_small, minitemple,
          moated_statue, hangedman_decor_riveting, uniq_sigmund

Skill      XL: |  1  2  3  4  5 |
---------------+----------------+-----
Armour         | 3 |  3.0
Polearms       | 1 2 3 4 |  4.1
Throwing       | 1 |  1.0
Dodging        | 1 |  1.0
Stealth        | 1 |  1.0
Evocations     | 1 |  1.0
Shapeshifting  | 1 |  1.0
Invocations    | 1 |  1.0
Fighting       | |  3.0
Maces & Flails | |  1.7
Shields        | |  2.6

Action                     |  1- 3 |  4- 6 || total
---------------------------+-------+-------++-------
  Melee: Trident           |    66 |    46 ||   112
         Flail             |     1 |       ||     1
  Throw: Stone             |     8 |       ||     8
    Use: Scroll            |       |     6 ||     6
         Potion            |       |     2 ||     2
 Armour: Scale mail        |    14 |       ||    14
         Chain mail        |    11 |    28 ||    39
  Dodge: Dodged            |    22 |    24 ||    46
  Block: Buckler           |    16 |    31 ||    47

Table legend: (Time is in decaauts)
 A = Elapsed time spent in this place.
 B = Non-inter-level travel time spent in this place.
 C = Inter-level travel time spent in this place.
 D = Time resting spent in this place.
 E = Time spent auto-exploring this place.
 F = Levels seen in this place.
 G = Mean time per level.
                   A        B        C        D        E       F      G
               +--------+--------+--------+--------+--------+-----+--------+
         Total |   2432 |   2056 |    376 |      0 |   1402 |   4 |  608.0 |
       Dungeon |   2432 |   2056 |    376 |      0 |   1402 |   4 |  608.0 |
               +--------+--------+--------+--------+--------+-----+--------+

Top non-repeatable levels by time:
     D:3: 925 daAuts
     D:2: 773 daAuts
     D:1: 651 daAuts
     D:4: 82 daAuts
